 Dungeon Crawl Stone Soup version 0.28-a0-1638-g9123634e07 (webtiles) character file.

Game seed: 2433980654361216158

385 jlumianski the Firebug (level 6, -6/47 HPs)
             Began as a Hill Orc Fire Elementalist on Jan 26, 2022.
             Mangled by an ogre (21 damage)
             ... on level 4 of the Dungeon.
             The game lasted 00:26:29 (3860 turns).

jlumianski the Firebug (Hill Orc Fire Elementalist) Turns: 3860, Time: 00:26:30

Health: -6/47      AC:  7    Str: 15    XL:     6   Next: 77%
Magic:  5/10       EV: 12    Int: 15    God:
Gold:   125        SH:  0    Dex: 17    Spells: 8/11 levels left

rFire   . . .      SeeInvis .   b - +0 war axe
rCold   . . .      Faith    .   (no shield)
rNeg    . . .      Spirit   .   h - +0 leather armour
rPois   .          Reflect  .   (no helmet)
rElec   .          Harm     .   (no cloak)
rCorr   .          Rampage  .   (no gloves)
Will    .....                   (no boots)
Stlth   ++........              f - amulet of regeneration
HPRegen 0.95/turn               o - +6 ring of dexterity
MPRegen 0.12/turn               (no ring)

@: brilliant
A: iridescent scales 2, strong 1, wild magic 1
a: no special abilities


You were on level 4 of the Dungeon.
You visited 1 branch of the dungeon, and saw 5 of its levels.

You collected 125 gold pieces.

Inventory:

Hand Weapons
 b - a +0 war axe (weapon)
 i - a +0 whip of electrocution
 j - a +3 short sword of venom
Missiles
 g - 5 poisoned darts
 k - 83 stones
 m - 2 boomerangs (quivered)
Armour
 a - a +0 robe
 c - the +1 ring mail of Courage {rElec Str-4 Int+5 Dex+2}
   (You found it on level 2 of the Dungeon)

   Str:       It affects your strength (-4).
   Int:       It affects your intelligence (+5).
   Dex:       It affects your dexterity (+2).
   rElec:     It insulates you from electricity.
 h - a +0 leather armour (worn)
Magical Staves
 e - a staff of poison
Jewellery
 f - an amulet of regeneration (around neck)
 o - a +6 ring of dexterity (left hand)
Scrolls
 n - 2 scrolls of fog
Potions
 d - 2 potions of curing


   Skills:
 + Level 1.2 Fighting
 + Level 0.6 Short Blades
 + Level 1.6 Axes
 + Level 2.1 Armour
 + Level 2.4 Dodging
 + Level 2.3 Stealth
 + Level 0.2 Unarmed Combat
 + Level 3.2 Spellcasting
 + Level 1.6 Conjurations
 + Level 4.5 Fire Magic


You had 8 spell levels left.
You knew the following spells:

 Your Spells              Type           Power      Damage    Failure   Level
a - Foxfire               Conj/Fire      88%        2x1d8     11%         1
b - Scorch                Fire           62%        2d8       9%          2

Your spell library contained the following spells:

 Spells                   Type           Power      Damage    Failure   Level
 Conjure Flame            Conj/Fire      22%        6-21      28%         3
 Summon Small Mammal      Summ           16%        N/A       32%         1
 Inner Flame              Hex/Fire       18%        N/A       36%         3
 Flame Wave               Conj/Fire      22%        2d7       65%         4
 Call Canine Familiar     Summ           4%         N/A       67%         3
 Summon Guardian Golem    Hex/Summ       4%         N/A       67%         3


Dungeon Overview and Level Annotations

Branches:
Dungeon (5/15)
 Temple: D:4-7

Altars:
Vehumet

Shops:
D:1 *   D:3 (   D:4 :


Innate Abilities, Weirdness & Mutations

You are mostly covered in iridescent scales. (AC +4)
Your muscles are strong. (Str +2)
Your spells are a little harder to cast, but a little more powerful.


Message History

You closely miss the kobold. You hit the adder. You hit the goblin.
You kill the goblin!
You closely miss the iguana. The adder closely misses you.
The iguana bites you. The adder bites you but does no damage.
The kobold barely misses you. The iguana misses you.
Casting: Scorch (safe; 10% risk of failure)
Confirm with . or Enter, or press ? or * to list all spells.
You feel a surge of power!
You conjure some foxfire!
The adder bites you but does no damage. The kobold hits you but does no damage.
The iguana closely misses you.
You slash the adder!
You kill the adder!
You hit the iguana. You closely miss the kobold.
The foxfire hits the iguana.
The iguana is severely wounded.
The foxfire hits the iguana but does no damage.
The iguana is severely wounded.
The kobold hits you but does no damage. The iguana bites you!
The hobgoblin hits you but does no damage.
Casting: Foxfire (safe; 11% risk of failure)
Confirm with . or Enter, or press ? or * to list all spells.
You feel a surge of power!
You conjure some foxfire!
The kobold barely misses you. The iguana bites you!
* * * LOW HITPOINT WARNING * * *
The hobgoblin hits you but does no damage.
You hit the iguana.
You kill the iguana!
You barely miss the kobold. You closely miss the hobgoblin.
The ogre is no longer more vulnerable to fire.
The foxfire hits the hobgoblin.
The hobgoblin is moderately wounded.
The foxfire hits the kobold.
You kill the kobold!
The hobgoblin closely misses you.
You see here 12 gold pieces.
Casting: Foxfire (safe; 11% risk of failure)
Confirm with . or Enter, or press ? or * to list all spells.
You feel a surge of power!
You conjure some foxfire!
The hobgoblin hits you but does no damage.
The ogre hits you with a +0 giant club!!
You die...

#....$....#.#
#.........#J#
###.....###'#
###.###.o.##
####...l..##
##..#.$.....##
###...#.....$..#
##v.$.†#Jo.....##
#v@gglgSZ..$..##
##.O$)†###...##
###...# #####
##..# ####


You could see an ogre, an iguana, a gnoll, an orc, an endoplasm, 2 hobgoblins, a
ball python and a water moccasin skeleton.

Vanquished Creatures
  A scorpion (D:5)
  An orc wizard (D:4)
  Terence (D:2)
  An iguana (D:4)
  6 gnolls
  11 adders
  An ufetubus (D:4)
  A worm (D:4)
  4 dart slugs
  4 orcs
  6 ball pythons
  5 bats
  6 endoplasms
  3 giant cockroaches
  3 goblins
  9 hobgoblins
  10 kobolds
  6 quokkas
  A frilled lizard (D:2)
  3 rats (D:3)
83 creatures vanquished.

Vanquished Creatures (others)
  132 foxfires
132 creatures vanquished.

Grand Total: 215 creatures vanquished

Notes
Turn   | Place    | Note
-------+----------+-------------------------------------------
     0 | D:1      | jlumianski the Hill Orc Fire Elementalist began the quest
                  | for the Orb.
     0 | D:1      | Reached XP level 1. HP: 14/14 MP: 3/3
   147 | D:2      | Reached XP level 2. HP: 19/20 MP: 1/4
   250 | D:1      | Found Tamysk's Assorted Antiques.
   670 | D:1      | Found a faded altar of an unknown god.
  1217 | D:2      | Learned a level 2 spell: Scorch
  1283 | D:2      | Reached XP level 3. HP: 26/26 MP: 3/5
  1391 | D:3      | Found a radiant altar of Vehumet.
  1749 | D:2      | Reached XP level 4. HP: 34/34 MP: 0/7
  1824 | D:2      | Noticed Terence
  1866 | D:2      | Reached skill level 1 in Armour
  2071 | D:1      | HP: 1/34 [adder (1)]
  2072 | D:1      | Gained mutation: Your muscles are strong. (Str +2) [potion
                  | of mutation]
  2072 | D:1      | Gained mutation: You are partially covered in iridescent
                  | scales. (AC +2) [potion of mutation]
  2072 | D:1      | Gained mutation: Your spells are a little harder to cast,
                  | but a little more powerful. [potion of mutation]
  2072 | D:1      | Gained mutation: You are mostly covered in iridescent
                  | scales. (AC +4) [potion of mutation]
  2076 | D:1      | HP: 1/34 [poisoned by an adder]
  2251 | D:2      | Identified the +1 ring mail of Courage {rElec Str-4 Int+5
                  | Dex+2}
  2457 | D:2      | Reached XP level 5. HP: 39/39 MP: 4/8
  2539 | D:2      | Killed Terence
  2540 | D:2      | Reached skill level 1 in Fighting
  2540 | D:2      | Reached skill level 4 in Fire Magic
  2984 | D:3      | Found Zykois Zuru's Antique Weapon Boutique.
  2997 | D:3      | Reached skill level 1 in Axes
  3385 | D:4      | Found Nut Fykh's Book Boutique.
  3458 | D:4      | Reached XP level 6. HP: 45/47 MP: 8/10
  3467 | D:5      | Entered Level 5 of the Dungeon
  3860 | D:4      | Mangled by an ogre

Illustrated notes

Levels and vault maps discovered:
D:1:      erik_arrival_blinker_ship, layout_basic, serial_glass,
          glass_columns_a, glass_columns_a, serial_shops, shop_fountains,
          ebering_ecumenical_altar_mist
D:2:      layout_basic, uniq_terence
D:3:      layout_rooms, nicolae_vehumet_altar_sigil, serial_shops, shop
D:4:      minmay_polygon_palace, layout_basic, nicolae_stop_n_shop_1,
          kennysheep_small_spiral, serial_park_tiny_2, uniq_edmund
D:5:      layout_cave_pods, mainiacjoe_overflow_24_doors

Skill      XL: |  1  2  3  4  5  6 |
---------------+-------------------+-----
Spellcasting   | 2 3 |  3.2
Armour         | 1 2 |  2.1
Dodging        | 2 |  2.4
Fighting       | 1 |  1.2
Fire Magic     | 4 |  4.5
Axes           | 1 |  1.6
Stealth        | 2 |  2.3
Short Blades   | |  0.6
Unarmed Combat | |  0.2
Conjurations   | |  1.6

Action                   |  1- 3 |  4- 6 || total
-------------------------+-------+-------++-------
Melee: Unarmed           |     4 |       ||     4
       War axe           |    54 |    30 ||    84
       Punch             |     2 |       ||     2
       Short sword       |       |    38 ||    38
 Cast: Foxfire           |    42 |    32 ||    74
       Scorch            |     6 |    17 ||    23
  Use: Scroll            |       |     8 ||     8
       Potion            |       |     4 ||     4
 Stab: Sleeping          |     1 |     4 ||     5
Armor: Robe              |     4 |       ||     4
       Leather armour    |    20 |    75 ||    95
Dodge: Dodged            |    78 |   116 ||   194

Table legend: (Time is in decaauts)
 A = Elapsed time spent in this place.
 B = Non-inter-level travel time spent in this place.
 C = Inter-level travel time spent in this place.
 D = Time resting spent in this place.
 E = Time spent auto-exploring this place.
 F = Levels seen in this place.
 G = Mean time per level.
                   A        B        C        D        E       F      G
               +--------+--------+--------+--------+--------+-----+--------+
         Total |   3919 |   3815 |    104 |    224 |   2177 |   5 |  783.8 |
       Dungeon |   3919 |   3815 |    104 |    224 |   2177 |   5 |  783.8 |
               +--------+--------+--------+--------+--------+-----+--------+

Top non-repeatable levels by time:
     D:1: 1423 daAuts
     D:2: 1350 daAuts
     D:3: 683 daAuts
     D:4: 395 daAuts
     D:5: 65 daAuts
